 Dungeon Crawl Stone Soup version 0.22-a0-307-g2b15929 (webtiles) character file.

810 Borgoz the Skirmisher (level 7, -1/45 HPs)
             Began as a Gargoyle Berserker on Apr 1, 2018.
             Was an Elder of Trog.
             Blown up by Pikel (17 damage)
             ... with a wand of disintegration (9)
             ... on level 4 of the Dungeon.
             The game lasted 00:05:14 (3148 turns).

Borgoz the Skirmisher (Gargoyle Berserker)          Turns: 3148, Time: 00:05:14

Health: -1/45      AC:  8    Str: 20    XL:     7   Next: 92%
Magic:  7/7        EV: 17    Int:  8    God:    Trog [****..]
Gold:   192        SH:  0    Dex: 11    Spells: 6/6 levels left

rFire    . . .     SeeInvis .   a - +0 hand axe
rCold    . . .     Gourm    .   (no shield)
rNeg     + . .     Faith    .   b - +0 animal skin
rPois    ∞         Spirit   .   (no helmet)
rElec    +         Reflect  .   f - +0 cloak (curse)
rCorr    .         Harm     .   (no gloves)
MR       .....                  (no boots)
Stlth    +.........             (no amulet)
HPRegen  0.15/turn              p - +4 ring of evasion
MPRegen  0.10/turn              (no ring)

@: berserk cooldown, slowed, very slow
A: negative energy resistance 1, electricity resistance, unbreathing,
petrification resistance, rot immunity, AC +4
a: Berserk, Trog's Hand, Brothers in Arms, Renounce Religion


You were on level 4 of the Dungeon.
You worshipped Trog.
Trog was greatly pleased with you.
You were hungry.

You visited 1 branch of the dungeon, and saw 4 of its levels.

You collected 192 gold pieces.

Inventory:

Hand Weapons
 a - a +0 hand axe (weapon)
Armour
 b - a +0 animal skin (worn)
 f - a cursed +0 cloak (worn)
Jewellery
 p - a +4 ring of evasion (left hand)
Wands
 q - a wand of digging (6)
 t - a wand of enslavement (15)
Scrolls
 d - 5 scrolls of remove curse {unknown}
 e - 2 scrolls of enchant armour {unknown}
 g - a scroll of fog {unknown}
 i - a scroll of magic mapping {unknown}
 j - 2 scrolls of enchant weapon {unknown}
 l - a scroll of immolation {unknown}
 n - 2 scrolls of teleportation {unknown}
 o - a scroll of noise {unknown}
 s - 2 scrolls of identify {unknown}
Potions
 h - a potion of haste {unknown}
 k - a potion of agility {unknown}
 m - a potion of heal wounds
 v - a potion of curing {unknown}
Comestibles
 c - 5 rations


   Skills:
 + Level 5.7 Fighting
 + Level 4.7 Axes
 + Level 5.1 Armour
 + Level 3.8 Dodging


You had 6 spell levels left.
You didn't know any spells.

Dungeon Overview and Level Annotations

Branches:
Dungeon (4/15)
 Temple: D:4-7

Altars:
Kikubaaqudgha
Nemelex Xobeh
Okawaru
Ru
Zin

Shops:
D:4 (

Annotations:
D:4 Pikel


Innate Abilities, Weirdness & Mutations

You are resistant to torment.
Your stone body is resilient. (AC +4)
You are immune to poison.
You resist negative energy. (rN+)
You are resistant to electric shocks. (rElec)
You can survive without breathing.
You are immune to petrification.
You are immune to rotting.


Message History

You feel yourself slow down. The phantom barely misses you.
Unknown command.
It was a potion of heal wounds.
You feel much better. The slave hits you. Pikel barely misses you.
The phantom misses you. The slave hits you.
Pikel hits you with a whip of flaming. Pikel burns you.
You closely miss Pikel.
Pikel is severely wounded.
You hit the slave. You hit the phantom. The phantom hits you. Pikel misses you.
The slave closely misses you. The phantom closely misses you.
You barely miss Pikel.
Pikel is severely wounded.
You hit the slave. You hit the phantom but do no damage.
Pikel drinks a potion.
Pikel is healed!
The slave misses you. The phantom closely misses you.
The slave closely misses you. Pikel barely misses you.
You hit Pikel but do no damage.
Pikel is lightly wounded.
You closely miss the phantom. You completely miss the slave.
The phantom barely misses you. The slave hits you.
Pikel zaps a wand.
You are blasted!
You die...

######## #......#
##########.####.#
.>##.......####<#
#.##.#####......#
#.##.# #.###..#
#.##.#####...#..#
#.##.#..p@..[#).#
#.##.#.##KW...[###
#.##...##.#<>.∩..#
#..§.####?#..#.#.#
#K##.# #......#.#
#.##.# ######## #
#.##.. #W##### #.#


You could see Pikel, a phantom and a slave.

Vanquished Creatures
  Grinder (D:4)
  A howler monkey (D:4)
  3 vampire bats (D:2)
  An orc priest (D:4)
  An iguana (D:3)
  Ijyb (D:3)
  Terence (D:3)
  Natasha (thrice) (D:3)
  2 orc wizards (D:4)
  2 worker ants (D:4)
  3 gnolls (D:3)
  2 adders (D:4)
  An adder skeleton (D:4)
  4 worms
  2 dart slugs (D:1)
  3 leopard geckos
  9 orcs (D:4)
  11 bats
  5 bat skeletons (D:2)
  A bat zombie (D:2)
  3 giant cockroaches (D:3)
  12 goblins
  11 hobgoblins
  5 frilled lizards
  6 kobolds
  2 quokka skeletons (D:4)
  4 rats
100 creatures vanquished.

Notes
Turn   | Place    | Note
-------+----------+-------------------------------------------
     0 | D:1      | Borgoz the Gargoyle Berserker began the quest for the Orb.
     0 | D:1      | Reached XP level 1. HP: 14/14 MP: 1/1
   202 | D:1      | Reached XP level 2. HP: 19/19 MP: 2/2
   399 | D:1      | Reached XP level 3. HP: 23/23 MP: 3/3
   857 | D:2      | Found a sparkling altar of Nemelex Xobeh.
   860 | D:2      | Found a glowing silver altar of Zin.
   863 | D:2      | Found an iron altar of Okawaru.
   919 | D:2      | Reached ** piety under Trog
  1347 | D:2      | Found an ancient bone altar of Kikubaaqudgha.
  1356 | D:2      | Reached XP level 4. HP: 25/29 MP: 4/4
  1364 | D:2      | Reached XP level 5. HP: 23/33 MP: 5/5
  1519 | D:2      | Found a sacrificial altar of Ru.
  1596 | D:3      | Noticed Ijyb
  1598 | D:3      | Noticed Natasha
  1609 | D:3      | Killed Natasha
  1612 | D:3      | Killed Ijyb
  1612 | D:3      | Reached XP level 6. HP: 39/39 MP: 6/6
  1937 | D:3      | Reached *** piety under Trog
  1997 | D:3      | Noticed Natasha
  2005 | D:3      | Killed Natasha
  2041 | D:3      | Noticed Terence
  2053 | D:3      | Killed Terence
  2153 | D:3      | Noticed Natasha
  2166 | D:3      | Killed Natasha
  2287 | D:4      | Found Diwieny's Antique Weapon Emporium.
  2287 | D:4      | Noticed Grinder
  2303 | D:3      | Reached skill level 5 in Fighting
  2494 | D:4      | Paralysed by Grinder for 5 turns
  2500 | D:4      | Killed Grinder
  2500 | D:4      | Reached XP level 7. HP: 14/44 MP: 7/7
  2839 | D:4      | Reached skill level 5 in Armour
  2842 | D:4      | Reached **** piety under Trog
  2856 | D:4      | Noticed Pikel
  3148 | D:4      | Blown up by Pikel

Vault maps used:
D:1:      scummos_arrival_star, serial_park_tiny_1, feat_on_display
D:2:      grunt_temple_overflow_diamond, kennysheep_vampire_church,
          nicolae_ru_path_of_blood
D:3:      cheibrodos_greedy_goblins, first_ration, uniq_ijyb, uniq_terence,
          uniq_natasha
D:4:      grunt_temple_overflow_open, minmay_temple_entry_grid, serial_shops,
          shop, minmay_misc_feat_iff, uniq_pikel, uniq_grinder

Skill      XL: |  1  2  3  4  5  6  7 |
---------------+----------------------+-----
Axes           | 3 4 |  4.7
Dodging        | 2 3 |  3.8
Fighting       | 4 5 |  5.7
Armour         | 3 4 5 |  5.1

Action                   |  1- 3 |  4- 6 |  7- 9 || total
-------------------------+-------+-------+-------++-------
Melee: Hand axe          |   118 |   154 |    73 ||   345
Invok: Berserk           |     1 |     3 |     2 ||     6
  Use: Potion            |       |       |     2 ||     2
 Stab: Sleeping          |     1 |       |       ||     1
  Eat: Chunk             |     1 |     5 |     3 ||     9
       Ration            |       |     1 |       ||     1
Armor: Animal skin       |    40 |    30 |    24 ||    94
Dodge: Dodged            |   134 |   145 |    70 ||   349

Table legend:
 A = Spawn XP
 B = Non-spawn XP
 C = Spawn XP percentage of total XP
 D = Spawn monster count
 E = Non-spawn monster count
 F = Spawn count percentage of total count
 G = Total turns spent on level
                    A         B        C        D         E        F      G
               +---------+---------+-------+---------+---------+-------+---------
         Total |       0 |    1158 |   0.0 |       0 |     100 |   0.0 |  3148
               +---------+---------+-------+---------+---------+-------+---------
           D:1 |       0 |      43 |   0.0 |       0 |      24 |   0.0 |   778
           D:2 |       0 |     208 |   0.0 |       0 |      20 |   0.0 |   756
           D:3 |       0 |     313 |   0.0 |       0 |      35 |   0.0 |  1184
           D:4 |       0 |     594 |   0.0 |       0 |      21 |   0.0 |   430
               +---------+---------+-------+---------+---------+-------+---------
